[Event "1000GM 0004 IM Norm 2022"]
[Site "Saint Louis"]
[Date "2022.09.23"]
[Round "5.3"]
[White "Krishnan, Varun"]
[Black "Chen, Ryo"]
[Result "1/2-1/2"]
[ECO "B56"]
[WhiteElo "2306"]
[BlackElo "2256"]
[Annotator "TA"]
[PlyCount "148"]
[EventDate "2022.09.21"]
[EventType "tourn"]
[EventCountry "USA"]
[SourceTitle "playchess.com"]
[Source "ChessBase"]
[SourceQuality "1"]
[TimeControl "5400+30"]

1. e4 c5 2. Nf3 d6 3. d4 cxd4 4. Nxd4 Nf6 5. Nc3 Nc6 6. f3 e5 7. Nb3 Be6 8. Be3 d5 {[%emt 0:03:01] B56: Classical Sicilian: Unusual Lines.} 9. exd5 (9. Nxd5 {is more complex.} Nxd5 10. exd5 Qxd5 11. Qxd5 Bxd5 12. Bb5) 9... Nxd5 10. Nxd5 Qxd5 {[%emt 0:00:10] White has an edge.} 11. Qxd5 Bxd5 12. O-O-O O-O-O 13. Bd3 {[%emt 0:04:42] [#]} b6 $146 ({Predecessor:} 13... Kc7 14. c3 Be7 15. Rhe1 h5 16. Kc2 h4 17. Nd2 Be6 18. Ne4 b6 19. b3 f6 {1-0 (48) Nakamura,H (2768)-Vachier Lagrave,M (2757) Saint Louis 2022}) 14. Ba6+ Kc7 15. c3 {[%emt 0:04:50] Prevents Nb4.} Be7 16. f4 (16. Rhe1 $11) 16... Bxg2 $17 17. Rxd8 Rxd8 18. Re1 (18. Rg1 $142 Be4 19. fxe5) 18... exf4 19. Bxf4+ Bd6 20. Be3 (20. Bg3 $17) 20... Bd5 $19 (20... Bxh2 21. Re2 Bf1 22. Rxh2 Bxa6 23. Rxh7 $17) 21. h3 f5 22. Rd1 Be5 23. Nd4 (23. Bb5 $142) 23... Nxd4 (23... Bxa2 $2 24. Nxf5 Rxd1+ 25. Kxd1 $19) 24. cxd4 Bd6 25. Rf1 Rf8 (25... Bxa2 26. Rxf5 Be6 27. Rf3) 26. Bd3 f4 ({Worse is} 26... Bxa2 27. Rxf5 Rxf5 28. Bxf5 $17) 27. Bf2 h6 ({Avoid the trap} 27... Bxa2 $2 28. Bxh7 g5 29. Re1 $19) 28. h4 Bg2 $2 ({Not} 28... Bxa2 $2 29. Rg1 $19) (28... g5 $19 {is more deadly.} 29. Rg1 Be7) 29. Rg1 $17 f3 30. h5 Re8 31. Kc2 Bf4 32. Bb5 Re6 33. Bc4 Rc6 34. Kd3 g5 35. hxg6 Rxg6 36. Re1 Kd6 {[%emt 0:01:33] Inhibits Re7.} ({Black should try} 36... Bg3 $17 37. Re6 Rxe6 38. Bxg3+ Kd7 39. Bxe6+ Kxe6) 37. Kc3 Bh3 38. Rh1 (38. Re8 $17) 38... Bg4 ({Better is} 38... Bd7 $19 39. Rh4 Rg4) 39. Bf7 (39. Re1 $142) 39... Rg7 40. Rh4 $2 (40. Bc4) 40... Rxf7 $19 41. Rxg4 {[%emt 0:00:01][%mdl 4096] Endgame KRB-KRB} Bg5 (41... Ke6 $142 {...Kf5 is the strong threat.} 42. Kd3 Kf5) 42. Kd3 Kd5 43. Rg1 Re7 {[%emt 0:00:21] Strongly threatening ...Re2.} 44. Rg3 Re2 45. Rxf3 Rxb2 46. Rf5+ Ke6 47. Re5+ Kd7 48. Be3 (48. Rf5 {might work better.}) 48... Bxe3 49. Kxe3 Rxa2 {[%emt 0:00:25] KR-KR} 50. Rh5 Kd6 $2 (50... Kc6 $19 {has better winning chances.} 51. Kd3 Ra1) 51. Kd3 $17 {[%emt 0:00:53] [#]} Ra1 $1 52. Rxh6+ $2 (52. Kc4 $17) 52... Kd5 $19 {[%emt 0:00:07] aiming for ...Ra3+.} 53. Rh5+ Kc6 {[%emt 0:00:09] Hoping for ...a5.} 54. Rh6+ {[%emt 0:01:33] [#]} (54. Kc4 {was called for.}) 54... Kb5 $1 55. Rh5+ $2 (55. Rh2) 55... Kb4 56. Rh2 Rd1+ 57. Ke4 b5 58. Rb2+ Kc4 59. Rc2+ Kb3 60. Rc5 Kb4 61. Kd5 a5 $2 ({Black should play} 61... a6 $19 {Threatens to win with ...Ka4.} 62. Rc2 Kb3) 62. Kc6 $11 {[%emt 0:00:26] The position is equal.} Rxd4 63. Rxb5+ Ka4 64. Rb1 Rc4+ 65. Kd5 Rb4 66. Ra1+ Kb5 67. Rh1 a4 68. Rh8 $1 a3 69. Ra8 $1 Rb3 70. Kd4 $1 Rh3 71. Rb8+ $1 Ka4 {[%emt 0:00:56] ( -> ...a2)} 72. Kc4 $1 Rh4+ 73. Kc3 Rh3+ 74. Kc4 Rh4+ {[%emt 0:00:06] Black had all chances to win.  Weighted Error Value: White=0.48/Black=0.20 (precise)} 1/2-1/2

[Event "1000GM 0004 IM Norm 2022"]
[Site "Saint Louis"]
[Date "2022.09.23"]
[Round "5.4"]
[White "Cervantes Landeiro, Thalia"]
[Black "Wang, Tianqi"]
[Result "0-1"]
[ECO "D11"]
[WhiteElo "2280"]
[BlackElo "2424"]
[Annotator "TA"]
[PlyCount "94"]
[EventDate "2022.09.21"]
[EventType "tourn"]
[EventCountry "USA"]
[SourceTitle "playchess.com"]
[Source "ChessBase"]
[SourceQuality "1"]
[TimeControl "5400+30"]

1. d4 d5 2. c4 c6 3. Nf3 Nf6 4. e3 a6 5. b3 Bf5 6. Nc3 {[%emt 0:02:48] D11: Slav Defence: 3 Nf3 sidelines and 3...Nf6 4 e3 Bg4.} e6 7. Bb2 Nbd7 8. Be2 {[%emt 0:00:41] The position is equal.} h6 9. O-O Bd6 10. h3 O-O 11. Bd3 $1 Bxd3 12. Qxd3 Qe7 13. e4 Nxe4 14. Nxe4 dxe4 15. Qxe4 {[%emt 0:00:13] [#]} Ba3 $146 ({Predecessor:} 15... Nf6 16. Qe2 Rfd8 17. Rfd1 Rac8 18. Rd2 Rd7 19. Ne5 Bxe5 20. dxe5 Rxd2 21. Qxd2 Ne8 {1-0 (39) Wang,K (1922)-Lim,C (1679) Ballarat 2018}) 16. Qc2 Bxb2 17. Qxb2 a5 18. Rfe1 Nf6 19. Rad1 Rfd8 20. Ne5 Qc7 21. Qc3 Qb6 22. a3 Nd7 (22... c5 {with more complications.} 23. dxc5 Qxc5 24. b4 axb4 25. axb4 Qf8) 23. Nf3 Qc7 24. b4 axb4 25. axb4 Qd6 26. Ra1 b5 27. Rxa8 Rxa8 28. Ne5 Nxe5 29. dxe5 $11 {[%emt 0:00:18][%mdl 4096] Endgame KQR-KQR} Qd7 30. cxb5 cxb5 31. Rc1 {[%emt 0:00:35] [#]} (31. Re4 $11) 31... Qd5 (31... Rd8 $1 $17) 32. Qc5 (32. Qe3 $11) 32... Rd8 33. Qe7 (33. Qxd5 $11 Rxd5 34. Rc8+ Kh7 35. Rc5) 33... Qd2 34. Qc7 ({White should play} 34. Rc7 $15 Qe1+ 35. Kh2 Qxe5+ 36. g3) 34... Rd5 35. Ra1 Qf4 36. g3 Qf5 37. Re1 (37. h4 $142) 37... Qxh3 $19 ({Inferior is} 37... Rd2 38. Qb6 $15) 38. Qc8+ Kh7 39. Qc2+ g6 40. Qe4 Qf5 41. Qe3 Kg7 42. Kg2 h5 43. Qc3 h4 {[%emt 0:01:23] [#] White must now prevent ...Rd3.} ({Wrong is} 43... Rd3 $2 44. Qb2 $19) 44. Qe3 Rd3 45. Qe2 hxg3 46. fxg3 {[%emt 0:00:06] Threatens to win with Rf1.} Rc3 {[%emt 0:00:34] ...Rc2 is the strong threat.} 47. g4 $2 (47. Rd1) 47... Qf4 {[%emt 0:00:22] Weighted Error Value: White=0.40/Black=0.07 (flawless)} 0-1

[Event "1000GM 0004 IM Norm 2022"]
[Site "Saint Louis"]
[Date "2022.09.23"]
[Round "5.5"]
[White "Tsolakidou, Stavroula"]
[Black "Yim, Sung Ho"]
[Result "1-0"]
[ECO "C77"]
[WhiteElo "2400"]
[BlackElo "2207"]
[Annotator "TA"]
[PlyCount "120"]
[EventDate "2022.09.21"]
[EventType "tourn"]
[EventCountry "USA"]
[SourceTitle "playchess.com"]
[Source "ChessBase"]
[SourceQuality "1"]
[TimeControl "5400+30"]

1. e4 e5 2. Nf3 Nc6 3. Bb5 a6 4. Ba4 Nf6 5. O-O Be7 6. d3 b5 7. Bb3 d6 8. a3 O-O 9. Nc3 Na5 {[%emt 0:00:35] C77: Ruy Lopez: 3...a6 4 Ba4 Nf6, unusual lines.} 10. Ba2 Be6 11. b4 {[%emt 0:00:23] Black must now prevent Bxe6.} Bxa2 {[%emt 0:00:16] The position is equal.} 12. Rxa2 Nc6 13. Bg5 Ng4 14. Bd2 Nf6 15. Re1 Qd7 16. Nd5 Nxd5 17. exd5 Na7 18. a4 c6 19. axb5 (19. dxc6 {keeps more tension.} Nxc6 20. c4 Bf6 21. cxb5 axb5 22. a5) 19... axb5 {[%emt 0:00:29] [#]} 20. c4 $146 ({Predecessor:} 20. d4 cxd5 21. dxe5 Nc6 {½-½ (23) Sjugirov,S (2696)-Najer,E (2659) Sochi 2022}) 20... bxc4 (20... cxd5 $142 21. cxd5 Qb7) 21. dxc4 ({White should try} 21. dxc6 $1 $11 Qxc6 22. Qa1) 21... cxd5 $15 22. cxd5 Qb7 23. Ra5 (23. Qb3 $1 $15) 23... Bd8 24. Ra3 Nb5 (24... Rc8 $17 {Hoping for ...Nb5.} 25. Rc3 Qxd5 26. Rxc8 Nxc8) 25. Rxa8 $11 Qxa8 26. Qb3 Nc7 27. Rd1 $1 Qb7 28. Be3 Bf6 29. Ne1 Ra8 30. Qc4 Bd8 31. f4 exf4 32. Bxf4 Qb6+ 33. Kh1 Qb5 34. Qxb5 Nxb5 35. Nf3 Bf6 36. Kg1 h6 37. Kf1 Ra4 38. Bd2 Kf8 39. Rc1 Ra8 40. Rc6 Rb8 41. Ke2 Ke7 42. Kd3 Kd7 43. Kc4 Na3+ 44. Kd3 Nb5 45. Ra6 Rb7 46. Kc4 Nc7 47. Ra5 Bd8 {[%emt 0:07:31] [#]} (47... Ne8 $14) 48. Nd4 $1 $16 Ne8 49. Ra6 Nc7 50. Ra4 {[%emt 0:00:20] White is more active.} Ne8 51. b5 Bb6 {[%emt 0:00:11] [#]} ({Better is} 51... Nc7) 52. Nc6 $1 Nc7 {[%emt 0:00:03] Against Ra8} 53. Ba5 (53. Ra1 $18) 53... Na8 $2 {[%emt 0:01:37] Loses the game.} (53... Bxa5 $14 54. Rxa5 h5) 54. Bc3 $18 Nc7 55. Bxg7 Bg1 (55... h5 $142 56. Bc3 f5) 56. Bd4 ({Inferior is} 56. Bxh6 Rxb5 57. Nb4 Rc5+ 58. Kd3 Nxd5 $11) 56... Bxh2 (56... Bxd4 57. Nxd4 h5) 57. b6 Ne6 58. Ra7 {[%emt 0:00:47] White mates.} Rxa7 59. dxe6+ ({Stronger than} 59. Nxa7 Nxd4 60. Kxd4 Bg1+ 61. Ke4 Bc5 $15) 59... Kxc6 60. bxa7 d5+ {[%emt 0:00:05] Weighted Error Value: White=0.14 (very precise) /Black=0.43} 1-0

[Event "1000GM 0004 IM Norm 2022"]
[Site "Saint Louis"]
[Date "2022.09.24"]
[Round "7.1"]
[White "Eckert, Doug"]
[Black "Denby, Caleb"]
[Result "1/2-1/2"]
[ECO "E32"]
[WhiteElo "2165"]
[BlackElo "2201"]
[Annotator "TA"]
[PlyCount "114"]
[EventDate "2022.09.21"]
[EventType "tourn"]
[EventCountry "USA"]
[SourceTitle "playchess.com"]
[Source "ChessBase"]
[SourceQuality "1"]
[TimeControl "5400+30"]

1. d4 Nf6 2. c4 e6 3. Nc3 Bb4 4. Qc2 O-O 5. e4 d5 6. e5 Ne4 7. Bd3 c5 $1 8. Nf3 {[%emt 0:00:08] Hoping for 0-0. E32: Nimzo-Indian: Classical (4 Qc2): 4...0-0.} cxd4 9. Nxd4 dxc4 10. Bxe4 {[%emt 0:01:21] White is slightly better.} Qxd4 11. Bf4 {[%emt 0:02:28] Threatens to win with Rd1.} f5 (11... g6 $14) 12. exf6 $1 $16 Qxf6 13. Bxh7+ Kh8 14. Be3 Nc6 {[%emt 0:08:51] [#]} 15. O-O-O $146 ({White should play} 15. Be4) ({Predecessor:} 15. O-O Bxc3 16. bxc3 e5 17. Rab1 b6 18. Be4 Bf5 19. Rfd1 g6 20. Bxf5 Qxf5 21. Qe2 Rac8 22. Qxc4 Nd4 23. Qf1 Nc2 24. Qd3 Qxd3 25. Rxd3 e4 26. Rd6 {½-½ (26) Plazuelo Pascual,J (2433)-Pogorelov,R (2377) Lorca 2019}) 15... Bxc3 16. bxc3 e5 17. Be4 {[%emt 0:02:43] White is more active.} Bf5 18. Bxf5 Qxf5 19. Qxf5 Rxf5 20. Rd5 b6 21. Rhd1 Rc8 22. g4 Rf3 23. h4 Rh3 24. h5 Rh4 25. Rg1 Rc7 26. Kd2 Kg8 (26... e4 $16 27. Bg5 Rh3) 27. Ke2 $18 {[%emt 0:00:27] [#] Strongly threatening Kf3.} Rh3 28. Rd6 e4 (28... b5 $16) 29. Re6 b5 30. Rxe4 Rd7 31. Re6 Ne7 32. Rd1 (32. Kf1 $18) 32... Nd5 $1 $11 33. Rc1 Nf6 (33... Kh7 $11 {remains equal.}) 34. Bd4 $16 Kf7 35. Re3 Rxe3+ (35... Rh4 $16) 36. fxe3 $18 {[%emt 0:00:05] aiming for Rf1.} Nxg4 $16 {[%emt 0:00:14][%mdl 4096] Endgame KRB-KRN} 37. Rg1 Nf6 {[%emt 0:00:07] [#]} 38. Rg5 ({White should try} 38. h6 $1 $18 gxh6 39. Rf1 Rxd4 40. cxd4 (40. exd4 Ke6 $16)) 38... a6 $14 39. Kf3 Rd8 40. Rc5 Rh8 41. Rc7+ Ke6 42. Rxg7 Rxh5 {[%emt 0:01:23] The position is equal.} 43. Rg6 Rf5+ 44. Ke2 {[%emt 0:00:27] Black must now prevent e4.} Kf7 45. Rxf6+ Rxf6 46. Bxf6 Kxf6 $11 {[%emt 0:00:02] K3P-K3P} 47. e4 a5 48. a3 Ke6 49. Kd2 Kd6 (49... Ke5 $5 50. Ke3 $8 a4 $11) 50. Ke2 Kc5 51. Ke3 b4 52. cxb4+ axb4 53. axb4+ Kxb4 {[%emt 0:00:05] ( -> ...c3). KP-KP} 54. Kd2 c3+ 55. Kc2 Kc4 56. e5 {[%emt 0:00:04] White threatens e6 and mate.} Kd5 57. Kxc3 Kxe5 {[%emt 0:00:05] Weighted Error Value: White=0.22 (precise) /Black=0.21 (precise)} 1/2-1/2

[Event "1000GM 0004 IM Norm 2022"]
[Site "Saint Louis"]
[Date "2022.09.24"]
[Round "7.2"]
[White "Krishnan, Varun"]
[Black "Antova, Gabriela"]
[Result "1/2-1/2"]
[ECO "C76"]
[WhiteElo "2306"]
[BlackElo "2305"]
[Annotator "TA"]
[PlyCount "93"]
[EventDate "2022.09.21"]
[EventType "tourn"]
[EventCountry "USA"]
[SourceTitle "playchess.com"]
[Source "ChessBase"]
[SourceQuality "1"]
[TimeControl "5400+30"]

1. e4 e5 2. Nf3 Nc6 3. Bb5 a6 4. Ba4 d6 5. c3 g6 6. O-O Bg7 7. d4 Bd7 8. Be3 Nf6 9. Nbd2 {[%emt 0:01:02] C76: Ruy Lopez: Deferred Steinitz: 5 c3 Bd7 6 d4 g6.} Ng4 10. Qe2 (10. Bg5 $14 f6 11. Bh4) 10... Nxe3 {[%emt 0:03:40] [#]} 11. fxe3 $146 {[%emt 0:00:25] The position is equal.} ({Predecessor:} 11. Qxe3 O-O 12. dxe5 Nxe5 13. Bxd7 Nxd7 14. Nd4 Qe7 15. Rfe1 Rae8 16. Rad1 Nc5 17. N4b3 {0-1 (25) Wieland,I (1688)-Ljuboschiz,A (2222) Leverkusen 2007}) 11... b5 12. Bc2 O-O 13. a4 Ne7 14. b4 h6 15. Ne1 (15. dxe5 $11 Nc6 16. axb5 axb5 17. Rxa8 Qxa8 18. exd6) 15... exd4 (15... a5 {is interesting.} 16. bxa5 Rxa5 17. Nef3 bxa4 18. Ra3 exd4 19. cxd4 c5) 16. exd4 c5 (16... a5 $142 {And now ...axb4 would win.} 17. bxa5 (17. axb5 axb4 18. Rxa8 Qxa8 $17) 17... Rxa5) 17. bxc5 $17 dxc5 18. e5 (18. Nef3 $142) 18... cxd4 $1 19. cxd4 bxa4 $1 20. Qe3 (20. Nd3 $17) 20... Bb5 (20... Nd5 $19 21. Qf2 Bb5 22. Bxa4 Bxf1 23. Qxf1 Nc3) 21. Rf2 Nd5 22. Qa3 Nb6 23. Ndf3 (23. Nef3 $142) 23... Rc8 $1 24. Nd3 Bc6 (24... Nc4 $19 25. Qb4 Na5) 25. Nde1 Re8 26. h4 Bf8 (26... Bb5 $17 {Strongly threatening ...Bf8.} 27. h5 gxh5) 27. Qd3 (27. Qe3 $15) 27... Bb5 {[%emt 0:04:00] A strong pair of Bishops.} 28. Qe4 (28. Qd2 $17) 28... Nd5 $1 $19 29. h5 (29. Qg4 $142 h5 30. Qg3) 29... Nf6 (29... f5 $142 30. Qh4 g5) 30. Qe3 Nxh5 (30... Ng4 $142 31. Qf4 Nxf2 32. hxg6 fxg6 $1 33. Bxg6 Re7 34. Kxf2 Rc3) 31. Bxa4 $17 Nf6 (31... Rc7 $17) 32. Bb3 $1 $11 ({Reject} 32. Bxb5 axb5 33. Ra7 Nd5 $17) 32... Rc7 $36 {[%emt 0:01:13][%mdl 2048] Threatens to win with ...Ng4. Black is pushing.} 33. Qf4 {[%emt 0:03:07] Inhibits Ng4.} ({White should play} 33. Rc2 $15) 33... Nd5 (33... Nh5 $1 $17 34. Qe4 Kg7) 34. Qe4 $15 Rd7 35. Nd3 f5 36. Qe2 Kh7 {[%emt 0:00:12] White must now prevent ...Nf4.} 37. Qd2 {[%emt 0:02:33] [#] Against Nf4} Qb6 ({Black should try} 37... Rc7 $1 $17 {aiming for ...Rc3.} 38. Bxd5 Qxd5) 38. Nf4 $2 (38. Rc1 $1 $11 {and White stays safe.}) 38... Nxf4 $19 39. Qxf4 {[%emt 0:00:03] [#]} Bc6 (39... Red8 $1 $19 {[%cal Rd7d4] Hoping for ...Rxd4.} 40. Rd1 Bc6) 40. Rb1 Qa7 41. e6 (41. g4 $1 $15 fxg4 42. Qxg4 Bxf3 43. Qxf3 Qxd4 44. Rd1) 41... Rb7 $17 42. Rc1 Bxf3 ({Don't play} 42... Rxb3 43. Rxc6 Qb8 44. Qxb8 Rbxb8 45. Rxa6 $14) 43. Rxf3 Bg7 44. Rd3 h5 45. Qd6 Rxb3 46. Rc7 $2 (46. Rxb3 $11 Qxd4+ 47. Qxd4 Bxd4+ 48. Kf1) 46... Rb7 47. Rdc3 {[%emt 0:00:07][%mdl 32768] Weighted Error Value: White=0.48/Black=0.38. An unexpected result.} 1/2-1/2

[Event "1000GM 0004 IM Norm 2022"]
[Site "Saint Louis"]
[Date "2022.09.24"]
[Round "7.4"]
[White "Tsolakidou, Stavroula"]
[Black "Chen, Ryo"]
[Result "1/2-1/2"]
[ECO "B60"]
[WhiteElo "2400"]
[BlackElo "2256"]
[Annotator "TA"]
[PlyCount "41"]
[EventDate "2022.09.21"]
[EventType "tourn"]
[EventCountry "USA"]
[SourceTitle "playchess.com"]
[Source "ChessBase"]
[SourceQuality "1"]
[TimeControl "5400+30"]

1. e4 c5 2. Nf3 d6 3. d4 cxd4 4. Nxd4 Nf6 5. Nc3 Nc6 6. Bg5 a6 7. Qd2 Qb6 {[%emt 0:06:54] 7...Nxd4 is a critical line. B60: Sicilian: Richter-Rauzer: Unusual Black 6th moves and 6...Bd7 without 7 Qd2.} 8. Nxc6 bxc6 9. Bc4 e6 {[%emt 0:00:00] White is slightly better.} 10. Bxf6 gxf6 {[%emt 0:00:00] [#]} 11. O-O-O $146 ({Predecessor:} 11. Bb3 h5 12. f4 Bb7 13. O-O-O d5 14. Rhe1 Bb4 15. exd5 Rd8 16. a3 Ba5 17. Qd3 {0-1 (31) Smiatek,H-Wippich,J Cologne 1994}) 11... Be7 12. Rhe1 Rb8 {[%emt 0:04:14][%csl Gb8][%cal Rb6b2] [#]} 13. Bb3 $1 {[%emt 0:02:51] Active counter play!} Bd7 14. f4 c5 (14... O-O $14 {feels stronger.}) 15. Qe2 $16 Bb5 16. Nxb5 axb5 {[%emt 0:00:34] [#]} 17. c4 $1 bxc4 18. Bxc4 Rg8 (18... Bf8 $16) 19. f5 $18 {[%emt 0:06:25] White is clearly better.} Kd7 20. Rd3 Qb4 21. Rg3 {[%emt 0:16:10] Weighted Error Value: White=0.05 (flawless) /Black=0.21 (precise)} (21. Ra3 $18) 1/2-1/2

[Event "1000GM 0004 IM Norm 2022"]
[Site "Saint Louis"]
[Date "2022.09.24"]
[Round "7.5"]
[White "Yim, Sung Ho"]
[Black "Wang, Tianqi"]
[Result "1/2-1/2"]
[ECO "D45"]
[WhiteElo "2207"]
[BlackElo "2424"]
[Annotator "TA"]
[PlyCount "117"]
[EventDate "2022.09.21"]
[EventType "tourn"]
[EventCountry "USA"]
[SourceTitle "playchess.com"]
[Source "ChessBase"]
[SourceQuality "1"]
[TimeControl "5400+30"]

1. d4 Nf6 2. c4 c6 3. Nf3 d5 4. e3 a6 5. Bd2 e6 6. Qc2 Nbd7 7. Nc3 Bb4 {[%emt 0:01:42] D45: Semi-Slav: 5 e3.} 8. Bd3 dxc4 9. Bxc4 Bd6 {[%emt 0:02:20] White has an edge.} 10. O-O O-O {[%emt 0:01:32] [#]} 11. Ne4 $146 ({Predecessor:} 11. Rad1 b5 12. Bd3 Bb7 13. e4 e5 14. dxe5 Nxe5 15. Nxe5 Bxe5 16. Bg5 Qc7 17. Bxf6 Bxf6 18. Nd5 {1-0 (24) Carleson,C (2310)-Behrhorst,F (2285) Stockholm 1985}) 11... Nxe4 12. Qxe4 Qe7 13. Bc3 Nf6 14. Qh4 Nd7 15. Qxe7 Bxe7 16. Rfd1 c5 17. Be2 b6 (17... b5 $11 {keeps the balance.}) 18. dxc5 $16 Nxc5 19. Ne5 {[%emt 0:01:04] And now Bf3 would win.} Re8 20. Bh5 {[%emt 0:02:35] White has more active pieces. The black rooks are badly placed.} g6 21. Bf3 $36 {[%emt 0:01:27][%mdl 2048] White fights for an advantage.} Bb7 22. Bxb7 Nxb7 23. Nd7 b5 24. Nf6+ Bxf6 25. Bxf6 Nc5 26. f3 Ra7 $2 {[%emt 0:00:00][%mdl 8192] [#]} (26... Rec8 $14) 27. Bd4 $1 $18 Rc7 28. Rac1 Rec8 29. Be5 Rc6 30. b4 (30. Rd6 $142) 30... f6 31. Bxf6 ({Not} 31. bxc5 fxe5 32. a3 a5 $11) ({And not} 31. Rxc5 Rxc5 32. bxc5 fxe5 $11) 31... Na4 {[%emt 0:00:00] [#]} 32. Rd8+ $1 Rxd8 33. Rxc6 {[%emt 0:00:05][%mdl 4096] Endgame KRB-KRN} Rd1+ 34. Kf2 Kf7 35. Bd4 Rd2+ 36. Kg3 Nb2 37. Rxa6 Nd3 38. Ra7+ Ke8 39. Rxh7 {[%emt 0:02:28] Threatens to win with Bc5.} e5 (39... Rxa2 {keeps fighting.} 40. h4 Rc2) 40. Bc5 Ne1 41. Re7+ Kd8 42. Rxe5 (42. f4 $142) 42... Rxg2+ 43. Kh3 {[%emt 0:00:22] aiming for f4.} Rxh2+ 44. Kxh2 {[%emt 0:02:20] Intending Kg3 and mate.} Nxf3+ 45. Kg3 Nxe5 {[%emt 0:00:01] KB-KN} 46. Kf4 Nd3+ 47. Kg5 Kd7 48. Kxg6 Ke6 49. Kg7 Nc1 50. a3 Nb3 51. Kf8 ({White has to play} 51. Bd4 $16) 51... Nd2 $11 {[%emt 0:01:40] The position is equal.} 52. Ke8 Nc4 53. Bd4 Nxa3 54. e4 Nc2 55. Bc3 Nxb4 56. Bxb4 {[%emt 0:00:05] Strongly threatening Bc3.} Ke5 57. Kd7 Kxe4 58. Kc6 Ke5 59. Kxb5 {[%emt 0:00:03] Black defended with fortune.  Weighted Error Value: White=0.16 (very precise) /Black=0.29 (precise)} 1/2-1/2

[Event "1000GM 0004 IM Norm 2022"]
[Site "Saint Louis"]
[Date "2022.09.25"]
[Round "8.1"]
[White "Denby, Caleb"]
[Black "Wang, Tianqi"]
[Result "0-1"]
[ECO "A70"]
[WhiteElo "2201"]
[BlackElo "2424"]
[Annotator "TA"]
[PlyCount "100"]
[EventDate "2022.09.21"]
[EventType "tourn"]
[EventCountry "USA"]
[SourceTitle "playchess.com"]
[Source "ChessBase"]
[SourceQuality "1"]
[TimeControl "5400+30"]

1. d4 Nf6 2. c4 c5 3. d5 e6 4. Nc3 exd5 5. cxd5 d6 6. Nf3 g6 7. h3 Bg7 8. e4 O-O 9. Be3 (9. Bd3 $14) 9... b5 {[%emt 0:04:29] A70: Modern Benoni: 6 e4 g6 7 Nf3.} (9... Re8 $11) 10. Bxb5 (10. e5 $1 $14 Nfd7 11. exd6) 10... Nxe4 $1 $11 11. Nxe4 {[%emt 0:06:37] [#] aiming for 0-0.} Qa5+ {[%emt 0:00:28] The position is equal.} 12. Nfd2 Qxb5 13. Nxd6 {[%emt 0:00:11] Pair of Knights!} Qa6 {[%emt 0:00:04] [#]} (13... Qxb2 $11 14. Rc1 Ba6) 14. Nxc8 $146 (14. Bxc5 Nd7 15. Ba3 (15. Nxc8 Rfxc8 16. Be3 Ne5 $17) 15... Ne5 $15) (14. N2c4 $5 ) ({Predecessor:} 14. N2c4 Nd7 15. O-O Nb6 16. Nxb6 Qxb6 17. Nxc8 Raxc8 {½-½ (17) Matijevic,H (2249)-Damjanovic,M (2307) Croatia 2009}) 14... Rxc8 15. Qc2 Nd7 16. Nc4 Nb6 17. Rc1 Nxd5 18. a3 {[%emt 0:03:02] Inhibits Nb4.} Ne7 (18... Bc3+ $5 19. bxc3 Qxc4 $15) 19. O-O Nf5 20. Rfe1 h5 21. Rcd1 Qc6 22. Bf4 Bd4 23. Be5 Re8 24. Bxd4 Nxd4 25. Qd3 Rad8 26. Kf1 Ne6 27. Ne5 Qc7 28. Qg3 Rxd1 29. Rxd1 h4 (29... Nd4 {with more complications.} 30. Nf3 Qb6 31. Nxd4 Rd8) 30. Qc3 {[%emt 0:01:17] Strongly threatening Nd7.} Ng5 31. f4 Ne4 $36 {[%emt 0:03:30][%mdl 2048] Black is more active.} 32. Qc4 Ng3+ (32... Rxe5 33. fxe5 Qxe5 34. Kg1 $16) 33. Kg1 {[%emt 0:00:10] Rd7 is the strong threat.} Re7 {[%emt 0:09:09] Inhibits Rd7.} 34. Nxg6 Re4 (34... Re2 35. Qd5 (35. Nxh4 Re4 $11) 35... Kg7 36. Ne5 $16) 35. Qd5 {[%emt 0:00:30][%cal Od5g5] Hoping for Qg5!} Rd4 36. Rxd4 ({Don't play} 36. Qa8+ Kg7 37. Rxd4 cxd4 38. Nxh4 (38. Qh8+ $2 Kxg6 39. Qg8+ Kf6 $19) 38... d3 $17) 36... cxd4 {[%emt 0:00:11][%mdl 4096] Endgame KQN-KQN. The board is on fire.} 37. Qa8+ $2 (37. Kh2 $11) 37... Kg7 $19 38. Nxh4 {[%emt 0:00:03] [#]} Qc1+ $1 ({Not} 38... Qxf4 39. Nf3 $11) 39. Kh2 Nf1+ $2 ({Black should play} 39... Ne2 $19 40. Nf3 Qxf4+ 41. Kh1 Qc1+ 42. Kh2 Qc7+ 43. Kh1 d3) 40. Kg1 $11 Ne3+ ({Don't go for} 40... Ng3+ $2 41. Kh2 Ne2 42. Nf3 Qxf4+ 43. Kh1 Qc1+ 44. Kh2 Qc7+ 45. Kh1 Qc1+ 46. Kh2 Qc7+ 47. Kh1 $19) 41. Kh2 Nf1+ $2 (41... d3 $11 42. Qxa7 Nf1+ 43. Kh1 Ng3+ 44. Kh2 Qxf4) 42. Kg1 $19 Ng3+ 43. Kh2 Ne2 44. Nf5+ (44. Nf3 $142 Qxf4+ 45. Kh1) 44... Kh7 45. h4 Qxf4+ 46. g3 Qxf5 47. Kg2 d3 {[%emt 0:00:21] ( -> ...d2)} 48. Qd8 Qe4+ {[%emt 0:00:21] Black mates.} 49. Kh2 Qe3 50. Qc7 Qxg3+ {[%emt 0:00:12] Weighted Error Value: White=0.40/Black=0.27 (precise)} 0-1